 Dungeon Crawl Stone Soup version 0.18-a0-917-g8a3da5b (webtiles) character file.

1263 JokEr the Spear-Bearer (level 8, -3/69 HPs)
             Began as a Merfolk Fighter on Dec 26, 2015.
             Was a Follower of Okawaru.
             Slain by an orc warrior
             ... wielding a +0 long sword
              (9 damage)
             ... on level 6 of the Dungeon.
             The game lasted 00:10:59 (6669 turns).

JokEr the Spear-Bearer (Merfolk Fighter)            Turns: 6669, Time: 00:11:00

Health: -3/69      AC:  9    Str: 19    XL:     8   Next: 52%
Magic:  8/8        EV:  7    Int:  7    God:    Okawaru [*.....]
Gold:   201        SH:  9    Dex: 13    Spells: 0 memorised, 7 levels left

rFire  . . .     SeeInvis .     a - +1 trident
rCold  . . .     Gourm    .     b - +0 scale mail
rNeg   . . .     Faith    .     c - +0 shield
rPois  .         Spirit   .     (no helmet)
rElec  .         Dismiss  .     F - +1 cloak
rCorr  .         Reflect  .     (no gloves)
SustAt .         Harm     .     j - +0 pair of boots
MR     .....                    (no amulet)
Stlth  ..........               (no ring)
                                (no ring)

@: not resistant to hostile enchantments, extremely unstealthy
A: change form in water, swift swim
a: Heroism, Renounce Religion


You were on level 6 of the Dungeon.
You worshipped Okawaru.
Okawaru was aware of your devotion.
You were not hungry.

You visited 2 branches of the dungeon, and saw 7 of its levels.

You collected 201 gold pieces.

Inventory:

Hand Weapons
 a - a +1 trident (weapon)
Armour
 b - a +0 scale mail (worn)
 c - a +0 shield (worn)
 j - a +0 pair of boots (worn)
 F - a +1 cloak (worn)
Jewellery
 q - an uncursed ring of poison resistance {unknown}
 E - an uncursed ring of flight {unknown}
Wands
 n - a wand of frost (19/48)
Scrolls
 h - 4 scrolls of remove curse
 i - 4 scrolls of fog
 k - 2 scrolls of identify
 l - a scroll of noise
 p - 3 scrolls of amnesia
 s - 2 scrolls of teleportation
 w - a scroll of magic mapping
Potions
 e - 2 potions of degeneration
 g - 2 potions of lignification
 o - 3 potions of brilliance {unknown}
 r - a potion of flight {unknown}
 t - a potion of beneficial mutation {unknown}
 v - a potion of mutation {unknown}
 z - 3 potions of heal wounds {unknown}
 A - a potion of poison {unknown}
 B - a potion of ambrosia {unknown}
 C - a potion of cure mutation {unknown}
 D - a potion of haste {unknown}
Comestibles
 f - 6 bread rations
 m - 2 meat rations
 u - 2 slices of pizza
 x - 8 fruits


   Skills:
 + Level 8.4 Fighting
 + Level 10.4 Polearms
 - Level 2.1 Armour
 - Level 3.0 Shields


You had 7 spell levels left.
You didn't know any spells.

Dungeon Overview and Level Annotations

Branches:
Dungeon (6/15)             Temple (1/1) D:4

Altars:
Ashenzari
Dithmenos
Elyvilon
Fedhas
Kikubaaqudgha
Okawaru
Pakellas
Sif Muna
Xom
The Shining One


Message History

You hit the orc warrior.
The orc warrior is almost dead.
The orc closely misses you.
You barely miss the orc warrior.
The orc warrior is almost dead.
You block the orc's attack.
The orc warrior hits you with a long sword!
* * * LOW HITPOINT WARNING * * *
Wield which item (- for none, * to show all)? (? for menu, Esc to quit)
Okay, then.
You hit the orc warrior but do no damage.
The orc warrior is almost dead.
The orc barely misses you. The orc warrior closely misses you.
You closely miss the orc warrior.
The orc warrior is almost dead.
The orc closely misses you.
You hit the orc warrior but do no damage.
The orc warrior is almost dead.
The orc warrior hits you with a long sword!
You die...

##........#.#######......
#........................
..........####..#########
..........####.## #
%...o..........##########
....?...o................
.....###o################
... #o## . #@o########
##........# ##.......#
#.......##
#........#######
#...............
#.......########
#.......# #.......#


You could see an orc warrior and 3 orcs.

Vanquished Creatures
  Prince Ribbit (D:6)
  A hungry ghost (D:5)
  A sky beast (D:5)
  A necrophage (D:6)
  An ogre (D:5)
  A scorpion (D:6)
  2 orc wizards
  2 hounds (D:4)
  A jelly (D:6)
  A giant frog zombie (D:5)
  A giant frog skeleton (D:4)
  An orc priest (D:3)
  A centaur skeleton (D:4)
  2 iguanas
  2 worker ants (D:5)
  A hound zombie (D:5)
  A worker ant zombie (D:3)
  10 adders
  2 gnolls (D:4)
  An ooze (D:5)
  3 worms
  A giant gecko (D:4)
  17 orcs
  9 bats
  4 giant cockroaches
  7 goblins
  6 hobgoblins
  A quokka (D:4)
  6 giant newts
  6 jackals
  11 kobolds
  4 rats
109 creatures vanquished.

Vanquished Creatures (others)
  2 orc wizards (D:5)
2 creatures vanquished.

Grand Total: 111 creatures vanquished

Notes
Turn   | Place    | Note
--------------------------------------------------------------
     0 | D:1      | JokEr the Merfolk Fighter began the quest for the Orb.
     0 | D:1      | Reached XP level 1. HP: 18/18 MP: 1/1
     2 | D:1      | Noticed a tengu
     2 | D:1      | Noticed a formicid
     4 | D:1      | Noticed a demigod
     4 | D:1      | Noticed a naga
     6 | D:1      | Noticed a minotaur
     6 | D:1      | Noticed a vine stalker
     8 | D:1      | Noticed a felid
     8 | D:1      | Noticed a merfolk
    10 | D:1      | Noticed a dwarf
    10 | D:1      | Noticed an elf
    12 | D:1      | Noticed a demonspawn
    14 | D:1      | Noticed a centaur
    14 | D:1      | Noticed a draconian
    16 | D:1      | Noticed an octopode
    18 | D:1      | Noticed a troll
    20 | D:1      | Noticed a gargoyle
    20 | D:1      | Noticed a spriggan
    22 | D:1      | Noticed a vampire
    22 | D:1      | Noticed a human
    24 | D:1      | Noticed a ghoul
    24 | D:1      | Noticed an ogre
   224 | D:1      | Reached XP level 2. HP: 21/25 MP: 2/2
   687 | D:1      | Reached skill level 4 in Polearms
   875 | D:2      | Reached XP level 3. HP: 20/30 MP: 3/3
  1361 | D:2      | Reached XP level 4. HP: 31/38 MP: 4/4
  1866 | D:3      | Reached skill level 5 in Polearms
  2110 | D:3      | Reached XP level 5. HP: 10/43 MP: 5/5
  2112 | D:3      | Reached skill level 5 in Fighting
  2429 | D:3      | Reached skill level 6 in Polearms
  3137 | D:4      | Reached XP level 6. HP: 41/51 MP: 6/6
  3240 | D:4      | Found a staircase to the Ecumenical Temple.
  3287 | Temple   | Entered the Ecumenical Temple
  3326 | Temple   | Became a worshipper of Warmaster Okawaru
  3402 | D:4      | Reached skill level 7 in Polearms
  3837 | D:4      | Found an oddly glowing altar of Pakellas.
  4170 | D:4      | Reached XP level 7. HP: 51/58 MP: 7/7
  4209 | D:5      | Entered Level 5 of the Dungeon
  4232 | D:5      | Reached skill level 8 in Polearms
  4238 | D:5      | Found a deep blue altar of Sif Muna.
  4252 | D:5      | Identified Sif Muna's Disquisition on Cold
  5034 | D:5      | Noticed a hungry ghost
  5054 | D:5      | Killed a hungry ghost
  5054 | D:5      | Reached * piety under Okawaru
  5054 | D:5      | Reached skill level 9 in Polearms
  5102 | D:5      | Reached XP level 8. HP: 20/67 MP: 8/8
  6055 | D:6      | Noticed Prince Ribbit
  6284 | D:6      | Killed Prince Ribbit
  6284 | D:6      | Reached skill level 10 in Polearms
  6669 | D:6      | Slain by an orc warrior

Vault maps used:
D:1:      kb_arrival_jail, serial_park_tiny_2
D:3:      first_bread, roderic_serpentine_path
D:4:      minmay_temple_entry_glass, johnstein_pakellas_death_squad
D:5:      led_sif_book
D:6:      nicolae_overflow_crystal_walls, grunt_temple_overflow_diamond,
          uniq_duvessa, uniq_prince_ribbit1, uniq_edmund
Temple:   circular_temple_12

Action                   |  1- 3 |  4- 6 |  7- 9 || total
-------------------------+-------+-------+-------++-------
Melee: Trident           |   123 |   268 |   176 ||   567
  Use: Scroll            |     4 |     7 |     1 ||    12
       Potion            |       |     1 |     2 ||     3
  Eat: Chunk             |     2 |     9 |       ||    11
       Bread ration      |       |       |     4 ||     4
